 Dungeon Crawl Stone Soup version 0.16.1-51-g6203257 (webtiles) character file.

112 teebee the Skirmisher (level 4, -2/41 HPs)
             Began as a Hill Orc Fighter on July 28, 2015.
             Was an Initiate of Okawaru.
             Slain by Grinder (3 damage)
             ... while paralysed by Grinder
             ... on level 3 of the Dungeon.
             The game lasted 00:12:51 (1622 turns).

teebee the Skirmisher (Hill Orc Fighter)            Turns: 1622, Time: 00:12:51

Health: -2/41      AC:  8    Str: 19    XL:     4   Next: 95%
Magic:  4/4        EV:  2    Int:  8    God:    Okawaru [......]
Gold:   120        SH:  0    Dex: 10    Spells: 0 memorised, 3 levels left

rFire  . . .     SeeInvis .     a - +0 long sword
rCold  . . .     Clarity  .     b - +0 scale mail
rNeg   . . .     SustAb   .     (no shield)
rPois  .         Gourm    .     i - +0 helmet
rElec  .         Spirit   .     (no cloak)
rCorr  .         Warding  .     (no gloves)
rMut   .         Stasis   .     (no boots)
MR     .....                    (no amulet)
Stlth  ..........               (no ring)
                                (no ring)

@: paralysed, not resistant to hostile enchantments, extremely unstealthy
A: no striking features
a: Renounce Religion


You were on level 3 of the Dungeon.
You worshipped Okawaru.
Okawaru was noncommittal.
You were hungry.

You visited 1 branch of the dungeon, and saw 3 of its levels.

You collected 120 gold pieces.

Inventory:

Hand weapons
 a - a +0 long sword (weapon)
 n - a +0 hunting sling
 s - a +0 quarterstaff of distortion
 w - a +0 mace
Missiles
 h - 14 arrows of frost
 k - 7 steel javelins (quivered)
Armour
 b - a +0 scale mail (worn)
 c - a +0 shield
 i - a +0 helmet (worn)
 l - a +0 ring mail
 p - a +0 scale mail
Scrolls
 m - a scroll of remove curse {unknown}
 t - a scroll of noise {unknown}
 u - a scroll of fog {unknown}
Potions
 e - 3 potions of might
 o - a potion of haste {unknown}
 q - a potion of poison {unknown}
 r - a potion of restore abilities {unknown}
Comestibles
 d - 2 meat rations
 f - 3 fruits
 g - 5 chunks of flesh
 j - a slice of pizza
 v - a royal jelly
 x - a bread ration


   Skills:
 * Level 4.5 Fighting
 * Level 2.9 Long Blades
 + Level 4.2 Armour
 - Level 1.1 Dodging
 - Level 3.7 Shields


You had 3 spell levels left.
You didn't know any spells.

Dungeon Overview and Level Annotations

Branches:
Dungeon (3/15)

Altars:
Dithmenos
Okawaru
Ru
Yredelemnul

Annotations:
D:3 Grinder


Message History

You barely miss Grinder.
Grinder is lightly wounded.
Grinder closely misses you.
You slash Grinder!
Grinder is heavily wounded.
Grinder hits you.
You writhe in agony.
You hit Grinder.
Grinder is heavily wounded.
Grinder hits you but does no damage. Grinder gestures at you.
You suddenly lose the ability to move!
Grinder hits you.
You writhe in agony.
Grinder hits you.
You writhe in agony.
* * * LOW HITPOINT WARNING * * *
Grinder hits you.
* * * LOW HITPOINT WARNING * * *
You writhe in agony.
* * * LOW HITPOINT WARNING * * *
Grinder hits you.
You die...

#..## #..# #.##### ..#
## #.#...# . .# ###
#....## .##
##.######..### ..#
##.........##
#.#####.....####..###
...............#5...#
##
.######.....##.#@#...#
#.
.######......#.#.#####
#. .##>#........#.#..#
#.
.#.#....#....#.##..#
#. ..###..#.#..##.#
#.... #.
...#..#._.#.##.# #####
#. .......#.#..##.# #.
####....#...##.#####
######.
####........##......
...###......


You could see Grinder.

Vanquished Creatures
  Natasha (D:3)
  An adder (D:3)
  A shadow imp (D:3)
  2 worms (D:2)
  3 giant geckos
  4 orcs (D:3)
  A giant cockroach (D:1)
  5 goblins
  6 hobgoblins
  3 jackals (D:3)
  3 oozes (D:2)
  A ball python (D:1)
  7 bats
  2 giant newts (D:2)
  6 kobolds
  6 rats
52 creatures vanquished.

Notes
Turn   | Place    | Note
--------------------------------------------------------------
     0 | D:1      | teebee, the Hill Orc Fighter, began the quest for the Orb.
     0 | D:1      | Reached XP level 1. HP: 19/19 MP: 1/1
   167 | D:1      | Reached XP level 2. HP: 27/27 MP: 2/2
   590 | D:2      | Reached XP level 3. HP: 24/33 MP: 3/3
   725 | D:2      | Reached skill level 4 in Armour
   884 | D:2      | Found a basalt altar of Yredelemnul.
  1088 | D:2      | Found a sacrificial altar of Ru.
  1090 | D:2      | Found a shadowy altar of Dithmenos.
  1264 | D:3      | Noticed Natasha
  1272 | D:3      | Killed Natasha
  1272 | D:3      | Reached XP level 4. HP: 26/40 MP: 4/4
  1284 | D:3      | Reached skill level 1 in Dodging
  1286 | D:3      | Found an iron altar of Okawaru.
  1294 | D:3      | Became a worshipper of Warmaster Okawaru
  1590 | D:3      | Noticed Grinder
  1618 | D:3      | Paralysed by Grinder for 5 turns
  1621 | D:3      | HP: 1/41 [Grinder (5)]
  1622 | D:3      | Slain by Grinder

Action                   |  1- 3 |  4- 6 || total
-------------------------+-------+-------++-------
Melee: Long sword        |   122 |    51 ||   173
  Eat: Chunk             |     1 |     1 ||     2
